 Dungeon Crawl Stone Soup version 0.30-a0-469-g84de5afbc5 (webtiles) character file.

Game seed: 4928953687580445595

791 cforsyth the Covered (level 7, -1/64 HPs)
             Began as an Armataur Gladiator on Dec 19, 2022.
             Slain by a yak (8 damage)
             ... on level 4 of the Dungeon.
             The game lasted 00:06:56 (3894 turns).

cforsyth the Covered (Armataur Gladiator)           Turns: 3894, Time: 00:06:57

Health: -1/64      AC: 10    Str: 21    XL:     7   Next: 57%
Magic:  7/7        EV:  6    Int: 13    God:
Gold:   157        SH:  0    Dex: 11    Spells: 6/6 levels left

rFire   + . .      SeeInvis .    q - +9 mace "Miomn" {vorpal, rF+ Int+4}
rCold   . . .      Faith    .    (no shield)
rNeg    . . .      Spirit   .    p - +0 chain mail
rPois   .          Reflect  .    c - +0 helmet
rElec   .          Harm     .    (no cloak)
rCorr   .          Roll     +    (no gloves)
Will    .....                    (no barding)
Stlth   ..........               (no amulet)
HPRegen 0.30/turn                (no ring)
MPRegen 0.10/turn                (no ring)

@: no status effects
A: large, rugged brown scales 3, deformed body, armoured tail, roll, long
tongue, awkward tongue
a: no special abilities


You were on level 4 of the Dungeon.
You visited 1 branch of the dungeon, and saw 4 of its levels.
You also visited: Sewer.

You collected 157 gold pieces.

Inventory:

Hand Weapons
 a - a +1 flail
 q - the +9 mace "Miomn" (weapon) {vorpal, rF+ Int+4}
   (You found it on level 2 of the Dungeon)

   It inflicts extra damage upon your enemies.
   Int:       It affects your intelligence (+4).
   rF:        It protects you from fire.
Missiles
 d - 3 throwing nets (quivered)
 e - 7 javelins
Armour
 c - a +0 helmet (worn)
 p - a +0 chain mail (worn)
Jewellery
 f - a ring of ice
Scrolls
 h - a scroll of enchant weapon
 i - a scroll of poison {unknown}
 k - a scroll of teleportation {unknown}
 m - a scroll of acquirement {unknown}
 n - a scroll of fog {unknown}
 s - a scroll of silence
 u - a scroll of amnesia {unknown}
 y - 2 scrolls of torment {unknown}
Potions
 g - a potion of mutation {unknown}
 j - 2 potions of curing
 l - a potion of cancellation {unknown}
 o - 2 potions of brilliance
 r - a potion of might {unknown}
 t - 2 potions of heal wounds
 v - 2 potions of haste
 w - 2 potions of invisibility {unknown}
 x - a potion of magic {unknown}
 z - 3 potions of resistance {unknown}


   Skills:
 + Level 4.7 Fighting
 + Level 5.2 Maces & Flails
 - Level 1.7 Throwing
 + Level 5.6 Armour
 - Level 2.1 Dodging


You had 6 spell levels left.
You didn't know any spells.
Your spell library contained the following spells:

 Spells                   Type           Power      Damage    Failure   Level
 Manifold Assault         Tloc           0%         N/A       100%        4
 Dispersal                Tloc           0%         N/A       100%        6
 Disjunction              Tloc           0%         N/A       100%        8


Dungeon Overview and Level Annotations

Branches:
Dungeon (4/15)              Sewer (visited)
 Temple: D:4-7

Altars:
Ashenzari
Elyvilon
Trog

Shops:
D:2 (   D:3 :   D:4 (

Annotations:
D:3 3 runed translucent doors, superbruh's ghost, amateur DgEE


Innate Abilities, Weirdness & Mutations

You are completely covered in rugged brown scales. (AC +3, +7% HP)
Armour fits poorly on your strangely shaped body.
You have a long armoured tail.
You roll when moving toward enemies. (Rampage)
Your long tongue fully drains potion bottles. (2x potion effects)
Your tongue gives you trouble enunciating. (1.5x scroll delay)


Message History

Your Maces & Flails skill increases to level 5!
Your Armour skill increases to level 5!
You have reached level 7!
You sock the yak!
The yak is heavily wounded.
The yak gores you. The yak barely misses you.
You thump the yak! You tail-slap the yak.
The yak is severely wounded.
A yak comes into view.
The yak barely misses you.
You climb upwards.
Level annotation: 3 runed translucent doors, superbruh's ghost, amateur DgEE
There is a stone staircase leading down, spattered with blood here.
You hit the yak.
The yak is almost dead.
The yak barely misses you.
You sock the yak!
You kill the yak!
You start resting.
HP restored.
You climb downwards.
The yak gores you!
There is a stone staircase leading up, spattered with blood here.
You thump the yak!
The yak is moderately wounded.
The yak gores you!
A yak comes into view.
The yak gores you but does no damage.
You hit the yak.
The yak is heavily wounded.
The yak gores you. x2
You hit the yak.
The yak is severely wounded.
The yak gores you! x2
* * * LOW HITPOINT WARNING * * *
You sock the yak!
The yak is almost dead.
The yak gores you!
* * * LOW HITPOINT WARNING * * *
The yak gores you!
You die...

#.####.#..)..#####.# #.#
#.#...#...Y...# #.#
#.#.#.#.#.###.# #.#
#...#...#Y###.#
####.####...#####.##..#
+..........<#####.##..##∩##..
###.....#.......#.##.....YY.#
#..##########Y#.##.!#######
#†.........).@Y.###.#
.....############### #>#
.....+ ..# ...##. ### ..# .
## .. .⌠ P..


You could see 2 yaks.

Vanquished Creatures
  3 yaks
  A scorpion (D:3)
  An iguana (D:4)
  7 adders
  4 gnolls
  3 river rats (D:3)
  2 white imps
  A worm (D:2)
  3 dart slugs
  7 bats
  12 endoplasms
  6 giant cockroaches
  7 goblins
  5 hobgoblins
  8 jackals
  4 quokkas
  17 ball pythons
  3 frilled lizards
  25 kobolds
  6 rats
125 creatures vanquished.

Vanquished Creatures (others)
  2 plants
2 creatures vanquished.

Grand Total: 127 creatures vanquished

Notes
Turn   | Place    | Note
-------+----------+-------------------------------------------
     0 | D:1      | cforsyth the Armataur Gladiator began the quest for the
                  | Orb.
     0 | D:1      | Reached XP level 1. HP: 18/18 MP: 1/1
    88 | D:1      | Reached skill level 1 in Armour
   112 | D:1      | Reached XP level 2. HP: 22/25 MP: 2/2
   567 | D:1      | Reached XP level 3. HP: 29/31 MP: 3/3
  1318 | D:2      | Identified the +9 mace "Miomn" {vorpal, rF+ Int+4}
  1469 | D:2      | Reached XP level 4. HP: 38/39 MP: 4/4
  1486 | D:2      | Found Liug's Weapon Emporium.
  2022 | D:3      | Found a faded altar of an unknown god.
  2035 | D:3      | Found a white marble altar of Elyvilon.
  2043 | D:3      | Found a broken altar of Ashenzari.
  2086 | D:3      | Found Nuotelep's Book Shop.
  2261 | D:3      | Noticed a scorpion
  2268 | D:3      | Killed a scorpion
  2269 | D:3      | Reached XP level 5. HP: 43/48 MP: 5/5
  2280 | D:3      | Found a runed translucent gate.
  2280 | D:3      | Found a runed translucent gate.
  2280 | D:3      | Found a runed translucent gate.
  2280 | D:3      | Noticed superbruh's ghost (amateur DgEE)
  2452 | D:3      | Found a glowing drain.
  2456 | Sewer    | Entered a sewer
  2911 | D:3      | Reached XP level 6. HP: 54/54 MP: 6/6
  2986 | D:3      | Found a bloodstained altar of Trog.
  3590 | D:4      | Found Verrudig's Firing Range.
  3590 | D:4      | Noticed a yak
  3590 | D:4      | Noticed a yak
  3615 | D:3      | Killed a yak
  3807 | D:4      | Noticed a yak
  3808 | D:4      | Killed a yak
  3809 | D:4      | Reached skill level 5 in Maces & Flails
  3809 | D:4      | Reached skill level 5 in Armour
  3809 | D:4      | Reached XP level 7. HP: 41/64 MP: 7/7
  3810 | D:4      | Noticed a yak
  3814 | D:3      | Killed a yak
  3891 | D:4      | Noticed a yak
  3894 | D:4      | Slain by a yak

Illustrated notes

Levels and vault maps discovered:
D:1:      dpeg_arrival_shelter, layout_loops_ring, serial_aquarium,
          aquarium_bridge_square [aquarium_subvault_wall,
          aquarium_subvault_wall, aquarium_subvault_bridge,
          aquarium_subvault_window], aquarium_window_2, aquarium_window_corner,
          aquarium_window_corner, aquarium_view_2c, aquarium_view_2a,
          aquarium_pool_2
D:2:      minmay_spotlight, layout_loops_corners, serial_shops, shop_statue
D:3:      layout_basic, mainiacjoe_overflow_alcove_2,
          cheibrodos_ashenzari_chains, lemuel_crystal_altar,
          gup_sewer_entry_spiral, hellmonk_ecumenical_altar_blasted,
          ebering_ghost_rock_garden, serial_shops, nicolae_shop_statue_plus,
          kennysheep_generic_room_5
D:4:      layout_basic, lemuel_zombie_altar_yredelemnul,
          mainiacjoe_overflow_tiny_flanked, gammafunk_temple_overflow_forgotten,
          nicolae_shop_firing_range, uniq_menkaure, uniq_ijyb

Skill      XL: |  1  2  3  4  5  6 |
---------------+-------------------+-----
Fighting       | 2 3 4 |  4.7
Armour         | 1 2 3 5 |  5.6
Maces & Flails | 3 4 5 |  5.2
Throwing       | |  1.7
Dodging        | |  2.1

Action                   |  1- 3 |  4- 6 |  7- 9 || total
-------------------------+-------+-------+-------++-------
Melee: Flail             |   116 |       |       ||   116
       Tailslap          |    13 |     9 |     1 ||    23
       Mace              |     7 |   142 |     8 ||   157
       Punch             |       |     2 |       ||     2
  Use: Scroll            |       |     6 |       ||     6
 Stab: Sleeping          |       |     1 |       ||     1
Armor: Leather armour    |    52 |    50 |       ||   102
       Chain mail        |       |     1 |     1 ||     2
Dodge: Dodged            |    59 |    67 |     3 ||   129

Table legend: (Time is in decaauts)
 A = Elapsed time spent in this place.
 B = Non-inter-level travel time spent in this place.
 C = Inter-level travel time spent in this place.
 D = Time resting spent in this place.
 E = Time spent auto-exploring this place.
 F = Levels seen in this place.
 G = Mean time per level.
                   A        B        C        D        E       F      G
               +--------+--------+--------+--------+--------+-----+--------+
         Total |   3960 |   3875 |     85 |    420 |   2382 |   5 |  792.0 |
       Dungeon |   3673 |   3588 |     85 |    420 |   2206 |   4 |  918.2 |
         Sewer |    287 |    287 |      0 |      0 |    176 |   1 |  287.0 |
               +--------+--------+--------+--------+--------+-----+--------+

Top non-repeatable levels by time:
     D:3: 1407 daAuts
     D:2: 1126 daAuts
     D:1: 923 daAuts
   Sewer: 287 daAuts
     D:4: 215 daAuts
